 Dungeon Crawl Stone Soup version 0.22.0-18-ge075c0d (webtiles) character file.

1110 Loudmushroom the Chopper (level 8, -1/71 HPs)
             Began as a Minotaur Fighter on Aug 18, 2018.
             Succumbed to an orc wizard's poison
             ... on level 5 of the Dungeon.
             The game lasted 00:24:28 (4989 turns).

Loudmushroom the Chopper (Minotaur Fighter)         Turns: 4989, Time: 00:24:29

Health: -1/71      AC: 15    Str: 21    XL:     8   Next: 11%
Magic:  7/7        EV:  4    Int:  5    God:
Gold:   397        SH: 11    Dex: 12    Spells: 7/7 levels left

rFire    + . .     SeeInvis .   a - +1 war axe
rCold    . . .     Gourm    .   c - +1 shield
rNeg     . . .     Faith    .   y - +0 plate armour
rPois    .         Spirit   .   (helmet restricted)
rElec    .         Reflect  .   (no cloak)
rCorr    .         Harm     .   (no gloves)
MR       .....                  (no boots)
Stlth    ..........             (no amulet)
HPRegen  0.21/turn              x - ring "Liatzil" {+Inv rF+ AC+3}
MPRegen  0.10/turn              (no ring)

@: lethally poisoned (-1 -> -40)
A: retaliatory headbutt, horns 2
a: Evoke Invisibility


You were on level 5 of the Dungeon.
You were hungry.

You visited 1 branch of the dungeon, and saw 5 of its levels.
You also visited: Ossuary.

You collected 397 gold pieces.

Inventory:

Hand Weapons
 a - a +1 war axe (weapon)
 b - a +0 hunting sling
 h - a +0 shortbow
 u - a +2 flail of crushing
Missiles
 j - 135 stones
 l - 4 tomahawks (quivered)
 m - 30 sling bullets
 r - 35 bolts
 v - 46 arrows
Armour
 c - a +1 shield (worn)
 y - a +0 plate armour (worn)
Jewellery
 x - the ring "Liatzil" (left hand) {+Inv rF+ AC+3}
   (You found it on level 4 of the Dungeon)

   [ring of protection]

   It affects your AC (+3).
   It protects you from fire.
   It lets you turn invisible.
Scrolls
 k - 3 scrolls of magic mapping
 n - 3 scrolls of remove curse
 s - a scroll of identify
Potions
 d - 2 potions of might
 e - a potion of resistance {unknown}
 q - 6 potions of curing
 t - a potion of heal wounds {unknown}
 w - a potion of invisibility {unknown}
 z - a potion of brilliance {unknown}
Comestibles
 f - 4 rations
 g - 9 chunks of flesh


   Skills:
 + Level 6.3 Fighting
 * Level 7.6 Axes
 + Level 6.2 Armour
 + Level 6.2 Shields


You had 7 spell levels left.
You didn't know any spells.
Your spell library contained the following spells:

 Spells                   Type           Power        Failure   Level  Hunger
 Beastly Appendage        Tmut           #.....       100%        1    ##.....
 Sticks to Snakes         Tmut           #.......     100%        2    ###....
 Spider Form              Tmut/Pois      #.........   100%        3    ####...
 Ice Form                 Ice/Tmut       #.......     100%        4    #####..
 Blade Hands              Tmut           #.........   100%        5    ######.


Dungeon Overview and Level Annotations

Branches:
Dungeon (5/15)
 Temple: D:4-7

Altars:
Dithmenos
Gozag
Kikubaaqudgha
Qazlal
Uskayaw
Vehumet

Annotations:
D:3 2 transporters, Thaneod's ghost, amateur GrEn
D:5 Blork the orc


Innate Abilities, Weirdness & Mutations

You reflexively headbutt those who attack you in melee.
You have a pair of horns on your head.


Message History

You hear some strange, mumbled words.
Something tries to affect you, but you resist.
Blork the orc casts a spell at you. The puff of frost hits you!
* * * LOW HITPOINT WARNING * * *
Something hits you but does no damage.
You are more poisoned.
You barely miss Blork the orc.
You headbutt Blork the orc, but do no damage.
Blork the orc is lightly wounded.
You slash something!
Reactivating autopickup.
You feel a bit more experienced.
* * * LOW HITPOINT WARNING * * *
You feel very sick. Blork the orc hits you with a glaive!
* * * LOW HITPOINT WARNING * * *
You closely miss Blork the orc.
Blork the orc is lightly wounded.
You die...

..........#.....
..........#.......
....................#
..........#.........#
>........(...........
#...../.#.........#
#.....†.#.........#
#.....o)#.........#
#######@[..#.......
...................
#######............
#...###...... #...#
...... #...# .....
#...# .....
########...###......
#......>............


You could see Blork the orc.

Vanquished Creatures
  A sky beast (D:5)
  2 centaurs (D:4)
  2 elf zombies (Ossuary)
  A scorpion (D:4)
  A howler monkey (D:4)
  4 orc priests
  A centaur skeleton (D:5)
  A human zombie (Ossuary)
  4 orc wizards
  3 worker ants
  4 big kobold zombies (Ossuary)
  2 mummies (Ossuary)
  5 adders
  2 oozes
  An adder zombie (Ossuary)
  2 worms
  A dart slug (D:1)
  6 leopard geckos
  13 orcs
  2 giant cockroaches
  8 goblins
  4 hobgoblins
  9 jackals
  5 kobolds
  2 ball pythons (D:2)
  11 bats
  4 frilled lizards
  A goblin zombie (Ossuary)
  10 hobgoblin zombies (Ossuary)
  2 jackal zombies (Ossuary)
  6 kobold zombies (Ossuary)
  9 orc zombies (Ossuary)
  7 rats
  A rat zombie (Ossuary)
137 creatures vanquished.

Notes
Turn   | Place    | Note
-------+----------+-------------------------------------------
     0 | D:1      | Loudmushroom the Minotaur Fighter began the quest for the Orb.
     0 | D:1      | Reached XP level 1. HP: 19/19 MP: 0/0
   163 | D:1      | Reached XP level 2. HP: 27/27 MP: 1/1
   244 | D:1      | Reached skill level 3 in Axes
   416 | D:1      | Reached XP level 3. HP: 30/33 MP: 2/2
  1343 | D:2      | Reached XP level 4. HP: 40/40 MP: 3/3
  1402 | D:2      | Found an opulent altar of Gozag.
  1973 | D:3      | Found a stormy altar of Qazlal.
  2042 | D:3      | Reached skill level 4 in Axes
  2291 | D:3      | Found a transporter.
  2291 | D:3      | Noticed an ogre
  2291 | D:3      | Noticed an ogre
  2292 | D:3      | Noticed Thaneod's ghost (amateur GrEn)
  2371 | D:3      | Found a faded altar of an unknown god.
  2413 | D:3      | Found a transporter.
  2735 | D:4      | Reached XP level 5. HP: 38/47 MP: 4/4
  2902 | D:4      | Got a brightly glowing lead ring
  2958 | D:4      | Found a shadowy altar of Dithmenos.
  3018 | D:4      | Found a radiant altar of Vehumet.
  3018 | D:4      | Found a hide-covered altar of Uskayaw.
  3054 | D:4      | Reached skill level 5 in Axes
  3143 | D:4      | Found an ancient bone altar of Kikubaaqudgha.
  3151 | D:4      | Reached XP level 6. HP: 39/55 MP: 5/5
  3153 | D:4      | Reached skill level 5 in Fighting
  3158 | D:4      | Reached skill level 5 in Armour
  3158 | D:4      | Reached skill level 5 in Shields
  3431 | D:4      | Found a sand-covered staircase.
  3437 | Ossuary  | Entered an ossuary
  3678 | Ossuary  | Reached skill level 6 in Axes
  3917 | Ossuary  | Reached XP level 7. HP: 59/61 MP: 6/6
  4719 | D:4      | Identified the ring "Liatzil" {+Inv rF+ AC+3} (You found it on level 4 of the Dungeon)
  4753 | D:5      | Entered Level 5 of the Dungeon
  4864 | D:4      | Reached skill level 7 in Axes
  4946 | D:5      | Reached XP level 8. HP: 70/70 MP: 7/7
  4966 | D:5      | Noticed Blork the orc
  4988 | D:5      | HP: 3/71 [Blork the orc/glaive (7)]
  4989 | D:5      | Succumbed to an orc wizard's poison

Skill      XL: |  1  2  3  4  5  6  7 |
---------------+----------------------+-----
Axes           | 3 4 5 6 7 |  7.6
Fighting       | 4 5 6 |  6.3
Armour         | 4 5 6 |  6.2
Shields        | 4 5 6 |  6.2

Action                   |  1- 3 |  4- 6 |  7- 9 || total
-------------------------+-------+-------+-------++-------
Melee: War axe           |    86 |   171 |    70 ||   327
       Headbutt          |     7 |    27 |    17 ||    51
  Use: Scroll            |       |       |     7 ||     7
  Eat: Chunk             |     1 |     4 |     1 ||     6
       Ration            |       |     2 |       ||     2
Armor: Scale mail        |    29 |    85 |     4 ||   118
       Plate armour      |       |       |    43 ||    43
Dodge: Dodged            |    29 |    56 |    19 ||   104
Block: Shield            |    48 |    89 |    55 ||   192
